 Dungeon Crawl Stone Soup version 0.31-a0-544-gceb718ecc6 (webtiles) character file.

Game seed: 3198171551625578577

12 cforsyth the Charlatan (level 2, -6/23 HPs)
             Began as a Gnoll Artificer on Aug 16, 2023.
             Mangled by a kobold
             ... wielding a +0 whip of electrocution
              (20 damage)
             ... on level 1 of the Dungeon.
             The game lasted 00:00:29 (197 turns).

cforsyth the Charlatan (Gnoll Artificer)             Turns: 197, Time: 00:00:30

Health: -6/23      AC:  3    Str: 11    XL:     2   Next: 33%
Magic:  2/2        EV: 12    Int: 10    God:
Gold:   44         SH:  0    Dex: 12    Spells: 1/1 levels left

rFire   . . .        a - +0 club
rCold   . . .        (no shield)
rNeg    . . .        b - +0 leather armour
rPois   .            (no helmet)
rElec   .            (no cloak)
rCorr   .            (no gloves)
SInv    .            (no boots)
Will    .....        (no amulet)
Stlth   ++           (no ring)
HPRegen 0.23/turn    (no ring)
MPRegen 0.08/turn

%: no passive effects
@: no status effects
A: fangs 1, strong nose, distributed training
a: no special abilities


You were on level 1 of the Dungeon.
You visited 1 branch of the dungeon, and saw 1 of its levels.

You collected 44 gold pieces.

Inventory:

Hand Weapons
 a - a +0 club (weapon)
Armour
 b - a +0 leather armour (worn)
Wands
 c - a wand of flame (15) (quivered)
 d - a wand of charming (15)
 e - a wand of iceblast (5)


   Skills:
 + Level 2.5 Fighting
 + Level 0.4 Short Blades
 + Level 0.4 Long Blades
 + Level 0.4 Axes
 + Level 0.4 Maces & Flails
 + Level 0.4 Polearms
 + Level 0.4 Staves
 + Level 0.4 Ranged Weapons
 + Level 0.4 Throwing
 + Level 4.5 Armour
 + Level 2.5 Dodging
 + Level 2.2 Stealth
 + Level 0.4 Shields
 + Level 0.4 Unarmed Combat
 + Level 0.4 Spellcasting
 + Level 0.2 Conjurations
 + Level 0.2 Hexes
 + Level 0.2 Summonings
 + Level 0.2 Necromancy
 + Level 0.2 Translocations
 + Level 0.2 Transmutations
 + Level 0.2 Fire Magic
 + Level 0.2 Ice Magic
 + Level 0.2 Air Magic
 + Level 0.2 Earth Magic
 + Level 0.2 Poison Magic
 + Level 0.5 Invocations
 + Level 6.5 Evocations
 + Level 0.2 Shapeshifting


You had one spell level left.
You didn't know any spells.
Your spell library contained the following spells:

 Spells                   Type           Power      Damage    Failure   Level
 Ozocubu's Armour         Ice            0%         N/A       77%         3
 Ozocubu's Refrigeration  Ice            0%         4d7       100%        7


Dungeon Overview and Level Annotations

Branches:
Dungeon (1/15)

Altars:

Annotations:
D:1 1 transporter


Innate Abilities, Weirdness & Mutations

You have very sharp teeth.
Your uncanny sense of smell can sniff out nearby items.
Your experience applies equally to all skills.


Message History

The bat misses you. The jackal closely misses you.
The bat hits you but does no damage. The kobold barely misses you.
The jackal closely misses you. The bat barely misses you.
You hit the bat.
The bat is heavily wounded.
The bat misses you. The bat hits you.
You barely miss the bat.
The bat is heavily wounded.
The bat misses you. The bat hits you but does no damage.
You hit the bat.
You kill the bat!
The jackal misses you.
You hit the jackal but do no damage. The jackal barely misses you. x2
You barely miss the jackal. The jackal barely misses you.
The jackal closely misses you.
You barely miss the jackal. Your bite misses the jackal.
The jackal bites you but does no damage.
You barely miss the jackal. The jackal bites you. x2
You closely miss the jackal. The jackal misses you.
The jackal completely misses you.
You hit the jackal.
The jackal is heavily wounded.
The jackal completely misses you. x2
You closely miss the jackal. You bite the jackal, but do no damage.
The jackal is heavily wounded.
The jackal bites you.
The jackal bites you but does no damage.
You hit the jackal.
The jackal is almost dead.
The jackal closely misses you.
You hit the jackal.
You kill the jackal!
The kobold barely misses you.
You closely miss the kobold. The kobold closely misses you.
You hit the kobold. Your bite misses the kobold.
The kobold is heavily wounded.
The kobold hits you but does no damage.
You are electrocuted!!
Ouch! That really hurt!
You die...

### #.. ∆ #.#
#.#####.# #
#.....#.##.#.#
#.......†....#
#.# .. # #K#
.#
#.#@#########
.#
#..$........#
#.#.#
###.#######.#
#.#.# #.# #.#
#.#.# #.#
#>####.#.# #.#
#......#.# ..#
#####..#.# ###
#..#.# #.....


You could see a kobold.

Vanquished Creatures
  2 bats (D:1)
  An endoplasm (D:1)
  A giant cockroach (D:1)
  2 jackals (D:1)
  3 ball pythons (D:1)
  A frilled lizard (D:1)
  A rat (D:1)
11 creatures vanquished.

Notes
Turn   | Place    | Note
-------+----------+-------------------------------------------
     0 | D:1      | cforsyth the Gnoll Artificer began the quest for the Orb.
     0 | D:1      | Reached XP level 1. HP: 17/17 MP: 1/1
   126 | D:1      | Reached XP level 2. HP: 20/23 MP: 2/2
   197 | D:1      | Mangled by a kobold

Illustrated notes

Levels and vault maps discovered:
D:1:      spicycebolla_arrival_risky_transporter, layout_loops_ring,
          minmay_pentomino_t2

Action                     || total
---------------------------++-------
  Melee: Club              ||    37
         Bite              ||     3
   Stab: Sleeping          ||     4
 Armour: Leather armour    ||    18
  Dodge: Dodged            ||    46

Table legend: (Time is in decaauts)
 A = Elapsed time spent in this place.
 B = Non-inter-level travel time spent in this place.
 C = Inter-level travel time spent in this place.
 D = Time resting spent in this place.
 E = Time spent auto-exploring this place.
 F = Levels seen in this place.
 G = Mean time per level.
                   A        B        C        D        E       F      G
               +--------+--------+--------+--------+--------+-----+--------+
         Total |    207 |    207 |      0 |      0 |    113 |   1 |  207.0 |
       Dungeon |    207 |    207 |      0 |      0 |    113 |   1 |  207.0 |
               +--------+--------+--------+--------+--------+-----+--------+

Top non-repeatable levels by time:
     D:1: 207 daAuts
